 Dungeon Crawl Stone Soup version 0.28.0-47-ge53b351184 (webtiles) character file.

Game seed: 11113708526770969761

262 firemarshallily the Covered (level 5, -3/63 HPs)
             Began as a Demonspawn Fighter on Apr 25, 2022.
             Was an Initiate of Qazlal.
             Slain by a +3 glaive of speed (9 damage)
             ... created by the rancor of the Wu Jian Council
             ... on level 3 of the Dungeon.
             The game lasted 00:16:46 (3499 turns).

firemarshallily the Covered (Demonspawn Fighter)    Turns: 3499, Time: 00:16:48

Health: -3/63      AC: 22    Str: 16 (19) XL:     5   Next: 97%
Magic:  0/5        EV:  2    Int: 14 (15) God:    Qazlal [......]
Gold:   104        SH:  4    Dex:  9 (12) Spells: 4/4 levels left

rFire   + + .      SeeInvis .   q - +9 whip of the Endless Xenophobes {vorpal, *Slow rElec rF++}
rCold   . . .      Faith    .   c - +0 buckler
rNeg    . . .      Spirit   +   (armour currently unavailable)
rPois   +          Reflect  .   (helmet currently unavailable)
rElec   +          Harm     .   (cloak currently unavailable)
rCorr   .          Rampage  .   (gloves currently unavailable)
Will    .....      NoTele   +   (boots currently unavailable)
Stlth   +.........              d - amulet of guardian spirit
HPRegen 0.20/turn               f - +6 ring of intelligence
MPRegen 0.18/turn               (no ring)

@: brilliant, tree-form, hasted, very quick
A: stationary, stasis, torment immunity, boosted hp, (molten scales 1), magic
regeneration, (demonic touch 1)
a: Renounce Religion


You were on level 3 of the Dungeon.
You worshipped Qazlal.
Qazlal was noncommittal.
You were a tree.
You visited 1 branch of the dungeon, and saw 3 of its levels.

You collected 104 gold pieces.

Inventory:

Hand Weapons
 a - a +1 war axe
 q - the +9 whip of the Endless Xenophobes (weapon) {vorpal, *Slow rElec rF++}
   (You found it on level 3 of the Dungeon)

   It inflicts extra damage upon your enemies.
   rF:        It greatly protects you from fire.
   rElec:     It insulates you from electricity.
   *Slow:     It may slow you when you take damage.
Missiles
 e - 34 stones (quivered)
 j - 4 curare-tipped darts
Armour
 b - a +0 scale mail (melded)
 c - a +0 buckler (worn)
 i - a +0 cloak (melded)
Jewellery
 d - an amulet of guardian spirit (around neck)
 f - a +6 ring of intelligence (left branch)
Wands
 s - a wand of paralysis (2)
Scrolls
 m - a scroll of teleportation
 n - 2 scrolls of magic mapping
Potions
 g - 2 potions of flight
 h - a potion of lignification
 r - 2 potions of brilliance


   Skills:
 + Level 3.7 Fighting
 - Level 3.3 Axes
 * Level 0.4(2.1) Maces & Flails
 - Level 1.2 Throwing
 * Level 4.0 Armour
 + Level 3.4 Shields


You had 4 spell levels left.
You didn't know any spells.
Your spell library contained the following spells:

 Spells                   Type           Power      Damage    Failure   Level
 Pain                     Necr           0%         1d4       36%         1
 Agony                    Necr           0%         N/A       100%        5
 Excruciating Wounds      Necr           0%         N/A       100%        5


Dungeon Overview and Level Annotations

Branches:
Dungeon (3/15)

Altars:
Nemelex Xobeh
Qazlal
Wu Jian
Beogh


Innate Abilities, Weirdness & Mutations

You are a tree.
Your roots penetrate the ground, keeping you stationary.
You cannot be teleported.
You are immune to unholy pain and torment.
Your maximum health is greatly increased.
Your equipment is partially melded.
((You are partially covered in molten scales. (AC +2)))
You regenerate magic rapidly.
((Your touch may inflict minor irresistible damage on your foes.))


Message History

Press: ? - help, Q - select action, (/) - cycle Shift-Dir - straight line, f/p - +3 glaive of speed
Aim: a +3 glaive of speed (moderately damaged, durably summoned, 80% to hit)
You throw a stone.
The stone hits the +3 glaive of speed but does no damage.
The +3 glaive of speed is moderately damaged.
Throw: 39 stones
Press: ? - help, Q - select action, (/) - cycle Shift-Dir - straight line, f/p - +3 glaive of speed
Aim: a +3 glaive of speed (moderately damaged, durably summoned, 80% to hit)
You throw a stone.
The stone hits the +3 glaive of speed but does no damage.
The +3 glaive of speed is moderately damaged.
The +3 glaive of speed hits you but does no damage.
Throw: 38 stones
Press: ? - help, Q - select action, (/) - cycle Shift-Dir - straight line, f/p - +3 glaive of speed
Aim: a +3 glaive of speed (moderately damaged, durably summoned, 80% to hit)
You throw a stone.
The stone hits the +3 glaive of speed but does no damage.
The +3 glaive of speed is moderately damaged.
The +3 glaive of speed hits you from afar.
* * * LOW HITPOINT WARNING * * *
Throw: 37 stones
Press: ? - help, Q - select action, (/) - cycle Shift-Dir - straight line, f/p - +3 glaive of speed
Aim: a +3 glaive of speed (moderately damaged, durably summoned, 80% to hit)
You throw a stone.
The stone hits the +3 glaive of speed but does no damage.
The +3 glaive of speed is moderately damaged.
Throw: 36 stones
Press: ? - help, Q - select action, (/) - cycle Shift-Dir - straight line, f/p - +3 glaive of speed
Aim: a +3 glaive of speed (moderately damaged, durably summoned, 80% to hit)
You throw a stone.
The stone barely misses the +3 glaive of speed.
The +3 glaive of speed hits you from afar!
* * * LOW HITPOINT WARNING * * *
Throw: 35 stones
Press: ? - help, Q - select action, (/) - cycle Shift-Dir - straight line, f/p - +3 glaive of speed
Aim: a +3 glaive of speed (moderately damaged, durably summoned, 80% to hit)
You throw a stone. The stone hits the +3 glaive of speed.
The +3 glaive of speed is heavily damaged.
The +3 glaive of speed hits you from afar!
You die...

#.##########.#.....##.######.#..#
#.#..........#.#.#.##............
.............................#...
#.#..........###.#.#######.......
.................................
..#...[......##.÷..#######.#.#...
..#.####### #....# #.#.#...
..#.## ###.###+#.### #.#.#...
....... .......♣....#####.#.#...
.##.###...##.###.................
.##.# #...##.# #(....#######.#...
.##.###...##.# #.....#######.#.#.
.##........#.# #.....#....^......
.##........#.# #.#..##....##.#.#.
###........#.# #...............[.
# #........#.###(#..##....##.#...
# #.......................##.#.#.


You could see a +3 glaive of speed.

Vanquished Creatures
  3 dancing weapons (D:3)
  A scorpion (D:2)
  Ijyb (D:3)
  An iguana (D:3)
  3 gnolls (D:2)
  5 adders (D:3)
  A worm (D:2)
  A dart slug (D:2)
  5 orcs (D:2)
  6 ball pythons
  5 endoplasms
  4 giant cockroaches
  4 hobgoblins
  9 jackals
  A quokka (D:1)
  3 bats
  2 frilled lizards
  A goblin (D:2)
  8 kobolds
  11 rats
75 creatures vanquished.

Notes
Turn   | Place    | Note
-------+----------+-------------------------------------------
     0 | D:1      | firemarshallily the Demonspawn Fighter began the quest for
                  | the Orb.
     0 | D:1      | Reached XP level 1. HP: 18/18 MP: 1/1
     2 | D:1      | Noticed a human
     4 | D:1      | Noticed a ghoul
     4 | D:1      | Noticed a naga
     6 | D:1      | Noticed a gargoyle
     8 | D:1      | Noticed a minotaur
     8 | D:1      | Noticed a spriggan
    10 | D:1      | Noticed a felid
    12 | D:1      | Noticed a vampire
    12 | D:1      | Noticed a tengu
    14 | D:1      | Noticed a formicid
    14 | D:1      | Noticed a troll
    16 | D:1      | Noticed an ogre
    18 | D:1      | Noticed a dwarf
    20 | D:1      | Noticed a demonspawn
    20 | D:1      | Noticed an elf
    22 | D:1      | Noticed an octopode
    22 | D:1      | Noticed a merfolk
    24 | D:1      | Noticed a demigod
    24 | D:1      | Noticed a vine stalker
    26 | D:1      | Noticed a draconian
   257 | D:1      | Gained mutation: You are partially covered in molten
                  | scales. (AC +2) [demonic ancestry]
   257 | D:1      | Reached XP level 2. HP: 24/24 MP: 2/2
   336 | D:1      | Reached skill level 3 in Armour
   670 | D:1      | Gained mutation: Your touch may inflict minor irresistible
                  | damage on your foes. [demonic ancestry]
   670 | D:1      | Reached XP level 3. HP: 29/29 MP: 3/3
  1361 | D:2      | Noticed a scorpion
  1370 | D:2      | HP: 1/29 [scorpion (6)]
  1372 | D:2      | Killed a scorpion
  1373 | D:2      | Gained mutation: You regenerate magic rapidly. [demonic
                  | ancestry]
  1373 | D:2      | Reached XP level 4. HP: 28/35 MP: 4/4
  1634 | D:2      | Reached XP level 5. HP: 30/41 MP: 5/5
  1898 | D:2      | Reached skill level 1 in Throwing
  1950 | D:2      | Found a faded altar of an unknown god.
  1954 | D:2      | Prayed at the altar of an unknown god.
  1954 | D:2      | Became a worshipper of the Wu Jian Council
  1954 | D:2      | Reached * piety under Wu Jian
  2956 | D:3      | Identified the +9 whip of the Endless Xenophobes {vorpal,
                  | *Slow rElec rF++}
  3022 | D:3      | Found a stormy altar of Qazlal.
  3040 | D:3      | Found a sparkling altar of Nemelex Xobeh.
  3050 | D:3      | Fell from the grace of Wu Jian
  3050 | D:3      | Became a worshipper of Qazlal Stormbringer
  3320 | D:3      | Noticed Ijyb
  3322 | D:3      | Paralysed by Ijyb for 3 turns
  3329 | D:3      | Killed Ijyb
  3330 | D:3      | Reached skill level 4 in Armour
  3478 | D:3      | Noticed a +3 glaive of speed
  3478 | D:3      | Noticed a +3 broad axe of flaming
  3478 | D:3      | Noticed a +2 quarterstaff of freezing
  3478 | D:3      | Noticed a +4 dire flail of flaming
  3479 | D:3      | Killed a +3 broad axe of flaming
  3481 | D:3      | Killed a +2 quarterstaff of freezing
  3482 | D:3      | Killed a +4 dire flail of flaming
  3499 | D:3      | Slain by a +3 glaive of speed

Illustrated notes

Levels and vault maps discovered:
D:1:      kb_arrival_jail, layout_basic
D:2:      layout_loops_ring, hellmonk_ecumenical_altar_defaced_shrine,
          grunt_ministairs_4, minmay_close_crescents
D:3:      layout_basic, mainiacjoe_overflow_big_doors, roderic_lattice_a,
          uniq_ijyb

Skill      XL: |  1  2  3  4  5 |
---------------+----------------+-----
Axes           | 2 3 |  3.3
Armour         | 3 4 |  4.0
Shields        | 3 |  3.4
Throwing       | 1 |  1.2
Fighting       | |  3.7
Maces & Flails | |  0.4

Action                   |  1- 3 |  4- 6 || total
-------------------------+-------+-------++-------
Melee: War axe           |   102 |    92 ||   194
       Whip              |       |    17 ||    17
Throw: Stone             |    11 |    54 ||    65
       Dart              |       |     1 ||     1
Invok: Lunge             |       |     6 ||     6
  Use: Potion            |     2 |     5 ||     7
       Scroll            |     1 |     4 ||     5
Armor: Scale mail        |    56 |    45 ||   101
       Skin              |       |     4 ||     4
Dodge: Dodged            |    45 |    44 ||    89
Block: Buckler           |    30 |    19 ||    49
